 Dungeon Crawl Stone Soup version 0.20.1-1-g8b1a95d (webtiles) character file.

144 Mesmaeker13 the Charmwright (level 4, 0/36 HPs)
             Began as a Demigod Skald on Aug 22, 2017.
             Slain by a gnoll
             ... wielding a +0 halberd
              (3 damage)
             ... on level 2 of the Dungeon.
             The game lasted 00:04:44 (3330 turns).

Mesmaeker13 the Charmwright (Demigod Skald)         Turns: 3330, Time: 00:04:45

Health: 0/36       AC:  3    Str: 16    XL:     4   Next: 76%
Magic:  0/9        EV: 13    Int: 17    God:
Gold:   126        SH:  0    Dex: 15    Spells: 3/6 levels left

rFire    . . .     SeeInvis .   a - +0 mace
rCold    . . .     Gourm    .   (no shield)
rNeg     . . .     Faith    .   b - +0 leather armour
rPois    .         Spirit   .   (no helmet)
rElec    .         Reflect  .   (no cloak)
rCorr    .         Harm     .   (no gloves)
MR       .....                  (no boots)
Stlth    +.........             (no amulet)
Regen    0.2/turn               (no ring)
MPRegen  0.2/turn               (no ring)

@: no status effects
A: high mp 1
a: no special abilities


You were on level 2 of the Dungeon.
You were hungry.

You visited 1 branch of the dungeon, and saw 3 of its levels.

You collected 126 gold pieces.

Inventory:

Hand Weapons
 a - a +0 mace (weapon)
Armour
 b - a +0 leather armour (worn)
Jewellery
 m - an uncursed amulet of harm {unknown}
Scrolls
 e - a scroll of fog
 g - a scroll of amnesia {unknown}
 j - a scroll of remove curse
 l - a scroll of teleportation
Potions
 f - a potion of cancellation {unknown}
 k - a potion of might {unknown}
Books
 c - a book of Battle

   Spells                             Type                      Level
   a - Infusion                       Charms                       1
   b - Shroud of Golubria             Charms/Translocation         2
   c - Song of Slaying                Charms                       2
   d - Spectral Weapon                Hexes/Charms                 3
   e - Regeneration                   Charms/Necromancy            3
Comestibles
 d - a bread ration
 h - a royal jelly
 i - 2 chunks of flesh


   Skills:
 - Level 1.7 Fighting
 + Level 2.8 Maces & Flails
 + Level 2.1 Armour
 + Level 3.0 Dodging
 - Level 1.7 Spellcasting
 + Level 3.4 Charms


You had 3 spell levels left.
You knew the following spells:

 Your Spells              Type           Power        Failure   Level  Hunger
a - Infusion              Chrm           ##..         6%          1    #......
b - Shroud of Golubria    Chrm/Tloc      #.........   19%         2    ###....


Dungeon Overview and Level Annotations

Branches:
Dungeon (3/15)


Innate Abilities, Weirdness & Mutations

You have an increased reservoir of magic. (+10% MP)


Message History

The gnoll is moderately wounded.
The gnoll hits you with a halberd. The rat barely misses you.
You hit the gnoll but do no damage.
The gnoll is moderately wounded.
The rat bites you. The gnoll hits you with a halberd!
* * * LOW HITPOINT WARNING * * *
You closely miss the gnoll.
The gnoll is moderately wounded.
The rat misses you. The gnoll barely misses you.
You barely miss the gnoll.
The gnoll is moderately wounded.
The rat barely misses you. The gnoll closely misses you. The rat misses you.
Casting: Shroud of Golubria
Confirm with . or Enter, or press ? or * to list all spells.
You don't have enough magic to cast that spell.
You hit the gnoll.
The gnoll is severely wounded.
You are no longer magically infusing your attacks.
The gnoll hits you with a halberd.
You die...

##..g..g.g......##.gg.# #####..#
## #>###....#### #....g## . #.
##.### ##..### #.#.## #.#####
###..## #.#..###.....### .###..##
........###...#### .# ##..##
###....#....##....# .##
##..#####..rg######..####.###
..## ##.......##@### ##.####....
...####............## #.....###.
.#....#.#########.<.# #####...##
.##.....# ##..# ##....
.##.#..############(# #####.....
###.##...........#######.........
#.##.#########.........########
#.##.## #........## # ##<##..###
#........# #


You could see a gnoll and a rat.

Vanquished Creatures
  7 gnolls
  3 adders
  A dart slug (D:3)
  2 leopard geckos
  10 bats
  2 giant cockroaches (D:2)
  2 goblins
  3 hobgoblins
  5 jackals
  5 kobolds
  A quokka (D:2)
  A ball python (D:1)
  A frilled lizard (D:3)
  11 rats
54 creatures vanquished.

Vanquished Creatures (others)
  4 toadstools (D:1)
4 creatures vanquished.

Grand Total: 58 creatures vanquished

Notes
Turn   | Place    | Note
-------+----------+-------------------------------------------
     0 | D:1      | Mesmaeker13 the Demigod Skald began the quest for the Orb.
     0 | D:1      | Reached XP level 1. HP: 17/17 MP: 5/5
    32 | D:1      | Reached skill level 1 in Armour
   502 | D:1      | Reached XP level 2. HP: 23/24 MP: 7/7
   549 | D:1      | You fall through a shaft!
  1153 | D:2      | Learned a level 2 spell: Shroud of Golubria
  1498 | D:2      | Reached XP level 3. HP: 29/29 MP: 8/8
  2592 | D:2      | Reached XP level 4. HP: 30/36 MP: 2/9
  3330 | D:2      | Slain by a gnoll

Skill      XL: |  1  2  3  4 |
---------------+-------------+-----
Armour         | 1 2 |  2.1
Dodging        | 2 3 |  3.0
Maces & Flails | 2 |  2.8
Charms         | 3 |  3.4
Fighting       | |  1.7
Spellcasting   | |  1.7

Action                   |  1- 3 |  4- 6 || total
-------------------------+-------+-------++-------
Melee: Mace              |   143 |    63 ||   206
 Cast: Infusion          |    16 |     7 ||    23
       Shroud of Golubri |     2 |     6 ||     8
  Use: Scroll            |     5 |       ||     5
  Eat: Chunk             |     2 |     2 ||     4
       Bread ration      |     1 |       ||     1
Armor: Leather armour    |    40 |    14 ||    54
Dodge: Dodged            |   129 |    73 ||   202
